 Dungeon Crawl Stone Soup version 0.28-a0-479-g5baa6b73be (webtiles) character file.

Game seed: 15903027487264147223

1873 siradein the Thaumaturge (level 8, -1/41 HPs)
             Began as a Deep Elf Conjurer on Sept 18, 2021.
             Was an Initiate of Sif Muna.
             Slain by a hornet (12 damage)
             ... while paralysed by a hornet
             ... on level 7 of the Dungeon.
             The game lasted 00:14:12 (6702 turns).

siradein the Thaumaturge (Deep Elf Conjurer)        Turns: 6702, Time: 00:14:13

Health: -1/41      AC:  5    Str:  4    XL:     8   Next: 91%
Magic:  27/32      EV:  2    Int: 26    God:    Sif Muna [......]
Gold:   180        SH:  0    Dex: 13    Spells: 19/25 levels left

rFire   . . .      SeeInvis +   g - staff of conjuration
rCold   . . .      Faith    .   (no shield)
rNeg    . . .      Spirit   .   f - +0 steam dragon scales
rPois   .          Reflect  .   (no helmet)
rElec   .          Harm     .   y - scarf {repulsion}
rCorr   .          Rampage  .   (no gloves)
Will    .....                   (no boots)
Stlth   ++........              (no amulet)
HPRegen 0.13/turn               h - ring of magical power
MPRegen 0.23/turn               s - ring of see invisible

@: paralysed, lethally poisoned (-1 -> -9), repel missiles
A: no striking features
a: Renounce Religion


You were on level 7 of the Dungeon.
You worshipped Sif Muna.
Sif Muna was noncommittal.
You visited 2 branches of the dungeon, and saw 8 of its levels.

You collected 180 gold pieces.

Inventory:

Armour
 f - +0 steam dragon scales (worn)
 y - a scarf of repulsion (worn)
Magical Staves
 g - a staff of conjuration (weapon)
Jewellery
 h - a ring of magical power (left hand)
 i - a ring of flight
 r - a ring of willpower
 s - a ring of see invisible (right hand)
 w - a +4 ring of protection
 C - a ring of resist corrosion
Wands
 D - a wand of polymorph (10)
Scrolls
 b - a scroll of vulnerability {unknown}
 k - 2 scrolls of enchant weapon {unknown}
 l - 3 scrolls of amnesia {unknown}
 m - 2 scrolls of blinking {unknown}
 o - a scroll of teleportation {unknown}
 t - 2 scrolls of fog {unknown}
 v - a scroll of fear
 B - a scroll of summoning
Potions
 a - a potion of mutation {unknown}
 c - a potion of resistance {unknown}
 d - a potion of experience {unknown}
 e - a potion of flight {unknown}
 j - a potion of berserk rage {unknown}
 n - 2 potions of curing
 p - 2 potions of brilliance {unknown}
 q - a potion of attraction {unknown}
 u - a potion of might {unknown}
 x - a potion of invisibility {unknown}
 z - 2 potions of haste {unknown}
 A - 2 potions of heal wounds {unknown}
 E - a potion of lignification {unknown}


   Skills:
 + Level 8.3 Dodging
 - Level 2.4 Stealth
 + Level 9.2 Spellcasting
 + Level 8.5 Conjurations


You had 19 spell levels left.
You knew the following spells:

 Your Spells              Type           Power      Damage    Failure   Level
a - Magic Dart            Conj           100%       1d8       1%          1
b - Searing Ray           Conj           100%       2d8       1%          2
c - Dazzling Flash        Conj/Hex       100%       N/A       2%          3

Your spell library contained the following spells:

 Spells                   Type           Power      Damage    Failure   Level
 Apportation              Tloc           24%        N/A       4%          1
 Fulminant Prism          Conj/Hex       25%        3d14      9%          4
 Iskenderun's Mystic Bla  Conj/Tloc      51%        2d11      9%          4
 Portal Projectile        Hex/Tloc       24%        N/A       16%         3
 Alistair's Intoxication  Tmut/Pois      8%         N/A       80%         5
 Blade Hands              Tmut           6%         N/A       80%         5
 Excruciating Wounds      Necr           6%         N/A       80%         5
 Summon Forest            Summ/Tloc      6%         N/A       80%         5
 Eringya's Noxious Bog    Tmut/Pois      6%         N/A       100%        6
 Invisibility             Hex            6%         N/A       100%        6
 Summon Hydra             Summ           6%         N/A       100%        7


Dungeon Overview and Level Annotations

Branches:
Dungeon (7/15)             Temple (1/1) D:5

Altars:
Ashenzari
Cheibriados
Dithmenos
Elyvilon
Fedhas
Gozag
Hepliaklqana
Makhleb
Nemelex Xobeh
Okawaru
Qazlal
Ru
Sif Muna
Trog
Uskayaw
Vehumet
Wu Jian
Xom
Yredelemnul
The Shining One

Shops:
D:4 *   D:6 (


Message History

a - a blue potion
Things that are here:
a +2 whip of flaming; a +0 robe; the kobold corpse of Pikel
There is a stone staircase leading up here.
There is a stone staircase leading down, spattered with blood here.
Done exploring.
Done exploring.
(D) Dungeon (T) Temple
Where to? (Enter - D:5, ? - help)
What level of the Dungeon? (default 1, ? - help)
There is a stone staircase leading down, spattered with blood here.
You climb downwards.
There is a stone staircase leading up here.
There is a stone staircase leading down here.
You climb downwards.
There is a stone staircase leading up here.
E - a sedimented green potion A hornet comes into view.
Found a scale mail.
Casting: Searing Ray (safe; 1% risk of failure)
Confirm with . or Enter, or press ? or * to list all spells.
Aiming: Searing Ray (safe; 1% risk of failure)
Press: ? - help, Shift-Dir - straight line, f - hornet
Aim: a hornet (asleep, 100% to hit)
You feel a surge of power!
The searing ray hits the hornet.
The hornet is lightly wounded.
The hornet buzzes angrily. (Press . to maintain the ray.)
Casting: Searing Ray (safe; 1% risk of failure)
Confirm with . or Enter, or press ? or * to list all spells.
Casting: Dazzling Flash (dangerous; 2% risk of failure)
Press: ? - help, Dir - look around, f - activate You feel a surge of power!
The hornet is dazzled.
The hornet stings you!
You are poisoned.
You suddenly lose the ability to move!
You feel very sick. The hornet stings you!
* * * LOW HITPOINT WARNING * * *
You shrug off the repeated paralysis!
The hornet stings you!
You die...

#.####.#####
#.#..#.....#
#.#..#####.#
#.#..#####.#
#.#..#...#.#
#.#..#.#.#.#
#.#..#.#.#.#
#.#.<..#.#.#
#@######.#.#
#.y...[#...#
######.#####


You could see a hornet (blind).

Vanquished Creatures
  Pikel (D:5)
  A steam dragon (D:5)
  A sky beast (D:6)
  An ogre (D:5)
  2 centaurs
  2 phantoms (D:5)
  3 scorpions
  A wyvern skeleton (D:6)
  3 wights (D:6)
  A bullfrog skeleton (D:6)
  A centaur skeleton (D:5)
  2 hounds
  A jelly (D:5)
  2 orc wizards (D:4)
  Natasha (thrice) (D:4)
  A hound zombie (D:5)
  4 gnolls (D:4)
  5 adders
  A shadow imp (D:5)
  An adder skeleton (D:4)
  An adder zombie (D:5)
  A worm (D:3)
  A dart slug (D:4)
  5 orcs
  7 ball pythons
  6 bats
  8 endoplasms
  5 giant cockroaches
  6 goblins
  8 hobgoblins
  9 jackals
  A quokka (D:5)
  2 frilled lizards
  10 kobolds
  5 rats
112 creatures vanquished.

Vanquished Creatures (others)
  A plant (D:4)
1 creature vanquished.

Grand Total: 113 creatures vanquished

Notes
Turn   | Place    | Note
-------+----------+-------------------------------------------
     0 | D:1      | siradein the Deep Elf Conjurer began the quest for the Orb.
     0 | D:1      | Reached XP level 1. HP: 10/10 MP: 6/6
   364 | D:1      | Reached XP level 2. HP: 15/15 MP: 6/8
   367 | D:1      | Learned a level 2 spell: Searing Ray
   583 | D:1      | Found a faded altar of an unknown god.
  1309 | D:2      | Reached XP level 3. HP: 17/19 MP: 3/10
  1912 | D:2      | Learned a level 3 spell: Dazzling Flash
  2334 | D:3      | Reached skill level 4 in Spellcasting
  2475 | D:3      | Reached skill level 5 in Conjurations
  2561 | D:3      | Reached XP level 4. HP: 24/24 MP: 5/12
  3182 | D:4      | Reached XP level 5. HP: 25/28 MP: 14/14
  3317 | D:4      | Noticed Natasha
  3319 | D:4      | Killed Natasha
  3320 | D:4      | Reached skill level 5 in Spellcasting
  3462 | D:4      | Noticed Natasha
  3464 | D:4      | Killed Natasha
  3604 | D:4      | Noticed Natasha
  3609 | D:4      | Killed Natasha
  3610 | D:4      | Reached XP level 6. HP: 32/32 MP: 16/16
  3889 | D:4      | Found Huogez's Assorted Antiques.
  4053 | D:5      | Entered Level 5 of the Dungeon
  4101 | D:5      | Reached skill level 5 in Dodging
  4234 | D:5      | Reached skill level 6 in Spellcasting
  4333 | D:5      | Found a staircase to the Ecumenical Temple.
  4343 | Temple   | Entered the Ecumenical Temple
  4660 | Temple   | Became a worshipper of Sif Muna the Loreminder
  4749 | D:5      | Noticed Pikel
  4754 | D:5      | Reached XP level 7. HP: 32/36 MP: 18/18
  4903 | D:5      | Found a burning altar of Makhleb.
  4960 | D:5      | Noticed a steam dragon
  5266 | D:6      | Reached skill level 7 in Spellcasting
  5609 | D:6      | Reached XP level 8. HP: 15/41 MP: 20/21
  6104 | D:6      | Found Nuweyryi's Antique Weapon Boutique.
  6228 | D:5      | Found a basalt altar of Yredelemnul.
  6240 | D:5      | Reached skill level 8 in Spellcasting
  6362 | D:5      | Killed Pikel
  6422 | D:5      | Reached skill level 9 in Spellcasting
  6699 | D:7      | Noticed a hornet
  6701 | D:7      | Paralysed by a hornet for 3 turns
  6702 | D:7      | Slain by a hornet

Illustrated notes

Levels and vault maps discovered:
D:1:      dpeg_arrival_tiny_b, layout_basic,
          dreamdust_ecumenical_altar_hidden_monk_grotto,
          minmay_indecisive_spiral
D:2:      layout_loops_ring, serial_forest, infiniplex_forest_clump_medium,
          infiniplex_forest_end_3, infiniplex_forest_end_3,
          infiniplex_forest_corner_1, infiniplex_forest_lined_4_way,
          infiniplex_forest_corner_1, infiniplex_forest_clump_double,
          serial_bayou_pond_a, chequers_serial_rivers_large_a
D:3:      layout_rooms, kennysheep_path_1
D:4:      layout_loops_ring, serial_bayou_pond_a, nicolae_stop_n_shop_1,
          uniq_natasha
D:5:      layout_basic, grunt_temple_overflow_open,
          minmay_temple_entry_stoned_glass, uniq_pikel
D:6:      layout_basic, serial_shops, kennysheep_little_box
D:7:      layout_basic, mainiacjoe_overflow_surrounded_room, serial_shops, shop,
          uniq_maggie, uniq_menkaure
Temple:   dpeg_five_rooms_temple

Skill      XL: |  1  2  3  4  5  6  7  8 |
---------------+-------------------------+-----
Dodging        | 3 4 5 6 8 |  8.3
Spellcasting   | 4 5 6 7 9 |  9.2
Conjurations   | 5 6 7 8 |  8.5
Stealth        | |  2.4

Action                   |  1- 3 |  4- 6 |  7- 9 || total
-------------------------+-------+-------+-------++-------
Melee: Staff             |       |       |     1 ||     1
 Cast: Magic Dart        |    83 |    35 |    15 ||   133
       Searing Ray       |     9 |    18 |    21 ||    48
       Dazzling Flash    |       |       |     1 ||     1
  Use: Scroll            |       |       |     3 ||     3
Armor: Robe              |     3 |       |       ||     3
Dodge: Dodged            |    11 |    14 |    27 ||    52

Table legend: (Time is in decaauts)
 A = Elapsed time spent in this place.
 B = Non-inter-level travel time spent in this place.
 C = Inter-level travel time spent in this place.
 D = Time resting spent in this place.
 E = Time spent auto-exploring this place.
 F = Levels seen in this place.
 G = Mean time per level.
                   A        B        C        D        E       F      G
               +--------+--------+--------+--------+--------+-----+--------+
         Total |   6702 |   6533 |    169 |     44 |   5684 |   8 |  837.8 |
       Dungeon |   6331 |   6214 |    117 |     44 |   5436 |   7 |  904.4 |
        Temple |    370 |    318 |     52 |      0 |    248 |   1 |  370.0 |
               +--------+--------+--------+--------+--------+-----+--------+

Top non-repeatable levels by time:
     D:1: 1234 daAuts
     D:6: 1135 daAuts
     D:2: 1085 daAuts
     D:5: 1046 daAuts
     D:4: 1030 daAuts
     D:3: 755 daAuts
  Temple: 370 daAuts
     D:7: 43 daAuts
